 Dungeon Crawl Stone Soup version 0.14-a0-840-g06343e3 (webtiles) character file.

248 Impy the Ducker (level 4, 0/35 HPs)
             Began as a Demonspawn Gladiator on Nov 13, 2013.
             Succumbed to Ijyb's poison
             ... on Level 3 of the Dungeon.
             The game lasted 00:06:46 (1906 turns).

Impy the Ducker (Demonspawn Gladiator)              Turns: 1906, Time: 00:06:46

HP   0/35        AC  4     Str 16      XL: 4   Next: 77%
MP   3/3         EV 18     Int 15      God:
Gold 127         SH  0     Dex 18      Spells:  0 memorised,  3 levels left

Res.Fire  : + . .   See Invis. : .     - Unarmed
Res.Cold  : . . .   Warding    : .   g - +0 elf leather armour
Life Prot.: . . .   Conserve   : .   (no shield)
Res.Poison: .       Res.Corr.  : .   c - +0 helmet
Res.Elec. : .       Clarity    : .   (no cloak)
Sust.Abil.: . .     Spirit.Shd : .   (no gloves)
Res.Mut.  : .       Stasis     : .   (no boots)
Res.Rott. : .       Flight     : .   (no amulet)
Saprovore : . . .                    (no ring)
                                     n - ring of protection from fire

@: invisible, brilliant, agile, quite poisoned, very slightly contaminated,
slightly resistant to hostile enchantments, stealthy
A: claws 1
a: no special abilities


You were on level 3 of the Dungeon.
You were hungry.

You visited 1 branch of the dungeon, and saw 3 of its levels.

You collected 127 gold pieces.

Inventory:

Hand weapons
 a - a +0,+0 trident
Missiles
 d - 2 throwing nets (quivered)
 j - a throwing net [frayed]
Armour
 c - a +0 helmet (worn)
 g - a +0 elven leather armour (worn)
Comestibles
 b - a choko
 f - a bread ration
 h - a beef jerky
 o - an apple
Scrolls
 i - a scroll of curse weapon {unknown}
 p - a scroll of enchant weapon I {unknown}
 q - a scroll of amnesia {unknown}
 r - a scroll of identify
 s - a scroll of blinking {unknown}
Jewellery
 n - a ring of protection from fire (left claw)


   Skills:
 + Level 3.3 Fighting
 - Level 2.8 Polearms
 - Level 1.7 Throwing
 + Level 3.6 Dodging
 + Level 1.7 Unarmed Combat


You had 3 spell levels left.
You didn't know any spells.

Dungeon Overview and Level Annotations

Branches:
Dungeon (3/16)

Altars:

Annotations:
D:3 Ijyb


Innate Abilities, Weirdness & Mutations

You have sharp fingernails.


Message History

You feel very sick.
You feel a little better. Ijyb closely misses you.
You catch the helpless Ijyb completely off-guard!
You hit Ijyb but do no damage.
Ijyb is severely wounded.
* * * LOW HITPOINT WARNING * * *
You feel sick.
You feel a little better. Ijyb hits you but does no damage.
You strike the helpless Ijyb from behind!
You hit Ijyb.
Ijyb begins to bleed from his wounds!
Ijyb is severely wounded.
* * * LOW HITPOINT WARNING * * *
You feel sick. Ijyb closely misses you.
The orc wizard points at you and mumbles some strange words.
The puff of frost hits Ijyb.
You barely miss Ijyb.
Ijyb is almost dead.
You die...

................#..........
.#.....................#####
..................)....# #
.....####.##.....#..##.# #
#...............#..##.#
................#..##.#
...............######.#
#..#####)############.# .
#og@...........#
#.############## #.# #.# #.#
###


You could see Ijyb (bleeding) and an orc wizard.

Vanquished Creatures
  4 adders (D:2)
  2 worms (D:2)
  2 giant geckos
  2 oozes (D:2)
  A ball python (D:2)
  7 bats
  12 hobgoblins
  3 jackals (D:1)
  4 giant newts
  7 goblins
  6 kobolds
  3 rats
53 creatures vanquished.

Vanquished Creatures (others)
  An orc wizard (D:3)
  An orc (D:3)
2 creatures vanquished.

Grand Total: 55 creatures vanquished

Notes
Turn   | Place    | Note
--------------------------------------------------------------
     0 | D:1      | Impy, the Demonspawn Gladiator, began the quest for the Orb.
     0 | D:1      | Reached XP level 1. HP: 17/17 MP: 0/0
   258 | D:1      | Gained mutation: You have sharp fingernails. [demonic ancestry]
   258 | D:1      | Reached XP level 2. HP: 17/23 MP: 1/1
   652 | D:1      | Reached skill level 3 in Dodging
   817 | D:1      | Reached XP level 3. HP: 28/28 MP: 2/2
   998 | D:2      | Reached skill level 1 in Unarmed Combat
  1440 | D:2      | Reached XP level 4. HP: 22/35 MP: 3/3
  1866 | D:3      | Noticed Ijyb
  1905 | D:3      | HP: 1/35 [poisoned by Ijyb]
  1906 | D:3      | Succumbed to Ijyb's poison

Action                   |  1- 3 |  4- 6 || total
-------------------------+-------+-------++-------
Melee: Trident           |    89 |    69 ||   158
       Unarmed           |    99 |     4 ||   103
Throw: Throwing net      |     2 |       ||     2
  Use: Scroll            |     2 |       ||     2
       Potion            |       |     4 ||     4
 Stab: Invisible         |       |     5 ||     5
